 Dungeon Crawl Stone Soup version 0.21.1-1-g345015f (webtiles) character file.

1969 xccam the Protected (level 9, -8/70 HPs)
             Began as a Minotaur Fighter on Feb 11, 2018.
             Was a Believer of Okawaru.
             Shot with an arrow by a centaur (9 damage)
             ... on level 7 of the Dungeon.
             The game lasted 00:14:29 (4864 turns).

xccam the Protected (Minotaur Fighter)              Turns: 4864, Time: 00:14:30

Health: -8/70      AC:  1    Str: 24    XL:     9   Next: 0%
Magic:  6/8        EV:  8    Int:  9    God:    Okawaru [**....]
Gold:   312        SH: 10    Dex: 12    Spells: 8/8 levels left

rFire    + . .     SeeInvis .   r - +2 mace (holy)
rCold    . . .     Gourm    .   c - +0 shield
rNeg     . . .     Faith    .   k - +1 ring mail {rF+}
rPois    .         Spirit   .   (helmet restricted)
rElec    .         Reflect  .   (no cloak)
rCorr    .         Harm     .   (no gloves)
MR       .....                  o - +0 pair of boots
Stlth    ++........             (no amulet)
HPRegen  0.21/turn              i - +2 ring of intelligence
MPRegen  0.11/turn              q - ring of stealth

@: corroded
A: retaliatory headbutt, horns 2, clever 1, strong 1
a: Heroism, Renounce Religion


You were on level 7 of the Dungeon.
You worshipped Okawaru.
Okawaru was pleased with you.
You were hungry.

You visited 2 branches of the dungeon, and saw 8 of its levels.
You also visited: Ossuary.

You collected 312 gold pieces.

Inventory:

Hand Weapons
 a - a +0 flail
 r - a +2 mace of holy wrath (weapon)
Armour
 b - a +1 scale mail
 c - a +0 shield (worn)
 k - a +1 ring mail of fire resistance (worn)
 o - a +0 pair of boots (worn)
Jewellery
 i - a +2 ring of intelligence (left hand)
 m - an uncursed ring of flight
 q - a ring of stealth (right hand)
Wands
 e - a wand of iceblast (9)
 v - a wand of disintegration (13)
Scrolls
 h - 2 scrolls of enchant armour
 n - 5 scrolls of identify
 u - 3 scrolls of remove curse
 w - 2 scrolls of teleportation
 y - a scroll of vulnerability {unknown}
Potions
 d - a potion of might
 g - a potion of brilliance
 s - a potion of curing
 t - 2 potions of mutation
 x - 2 potions of flight
Books
 j - a book of Conjurations

   Spells                             Type                      Level
   a - Magic Dart                     Conjuration                  1
   b - Searing Ray                    Conjuration                  2
   c - Dazzling Spray                 Conjuration/Hexes            3
   d - Fulminant Prism                Conjuration/Hexes            4
   e - Force Lance                    Conjuration/Translocation    4
   f - Iskenderun's Mystic Blast      Conjuration                  4
 l - a book of Minor Magic

   Spells                             Type                      Level
   a - Magic Dart                     Conjuration                  1
   b - Blink                          Translocation                2
   c - Call Imp                       Summoning                    2
   d - Slow                           Hexes                        2
   e - Conjure Flame                  Conjuration/Fire             3
   f - Mephitic Cloud                 Conjuration/Poison/Air       3
 p - a book of Misfortune

   Spells                             Type                      Level
   a - Confusing Touch                Hexes                        1
   b - Confuse                        Hexes                        3
   c - Gell's Gravitas                Translocation                3
   d - Petrify                        Transmutation/Earth          4
   e - Metabolic Englaciation         Hexes/Ice                    5
   f - Yara's Violent Unravelling     Hexes/Transmutation          5
Comestibles
 f - 9 rations
 z - a chunk of flesh


   Skills:
 - Level 3.6 Fighting
 + Level 9.9 Maces & Flails
 * Level 10.7 Armour
 - Level 3.6 Shields


You had 8 spell levels left.
You didn't know any spells.

Dungeon Overview and Level Annotations

Branches:
Dungeon (7/15)             Temple (1/1) D:4

Altars:
Cheibriados
Dithmenos
Elyvilon
Fedhas
Gozag
Hepliaklqana
Kikubaaqudgha
Okawaru
Qazlal
Ru
Sif Muna
Trog
Uskayaw
Vehumet
Wu Jian
Xom
Yredelemnul
Zin
The Shining One

Annotations:
D:7 Vesto's ghost, novice GrFi


Innate Abilities, Weirdness & Mutations

You reflexively headbutt those who attack you in melee.
You have a pair of horns on your head.
Your mind is acute. (Int +2)
Your muscles are strong. (Str +2)


Message History

* * * LOW HITPOINT WARNING * * *
The centaur wields an uncursed shortbow.
The centaur shoots an arrow.
The arrow hits you!
* * * LOW HITPOINT WARNING * * *
You see here an arrow.
The centaur shoots an arrow.
The arrow barely misses you.
The centaur shoots an arrow.
You block the arrow.
The centaur shoots an arrow.
The arrow hits you!
* * * LOW HITPOINT WARNING * * *
You see here 2 arrows.
You feel better.
The jelly jiggles.
You block the jelly's attack.
The centaur shoots an arrow.
The arrow hits you!
* * * LOW HITPOINT WARNING * * *
Okay, then.
The centaur shoots an arrow.
You block the arrow.
You hear a shout!
You see here an arrow.
The centaur shoots an arrow.
The arrow hits you!
You die...

............#
..............#
................#
.....#...............###.
.....#...##..............
.....#...........<....##.
.g.......................
......#..............##.#
......#.........@........
#.....#...gO...J......#.#
#...hg#†h..c..(W......# .
...###(...#..g........#
.........c#.(.........#
..........#......(....#
....................#.#
..........######....#.#
........... ....#


You could see an ogre, a gnoll sergeant, a centaur, a jelly, Vesto's ghost and a
gnoll.

Vanquished Creatures
  Sigmund (D:6)
  Eustachio (D:6)
  A necrophage (D:5)
  2 ogres (D:5)
  A bullfrog (D:6)
  A water moccasin skeleton (D:6)
  3 killer bees (D:7)
  5 wights (D:6)
  3 crimson imps (D:5)
  3 hounds
  4 human zombies (Ossuary)
  A jelly (D:5)
  7 orc priests
  2 centaur skeletons
  Jessica (D:3)
  Natasha (thrice) (D:2)
  An iguana (D:5)
  An orc wizard (D:5)
  A worker ant (D:5)
  A hound zombie (D:5)
  5 mummies (Ossuary)
  4 adders
  A shadow imp (D:5)
  An ooze (D:1)
  2 dart slugs
  4 leopard geckos
  13 orcs
  6 giant cockroaches
  2 gnoll zombies (Ossuary)
  4 goblins
  2 hobgoblins
  8 jackals
  A quokka (D:2)
  A ball python (D:2)
  10 bats
  5 frilled lizards
  3 kobolds
  2 orc zombies (Ossuary)
  9 rats
126 creatures vanquished.

Notes
Turn   | Place    | Note
-------+----------+-------------------------------------------
     0 | D:1      | xccam the Minotaur Fighter began the quest for the Orb.
     0 | D:1      | Reached XP level 1. HP: 19/19 MP: 0/0
   123 | D:1      | Reached XP level 2. HP: 26/26 MP: 1/1
   504 | D:1      | Reached XP level 3. HP: 13/31 MP: 2/2
   929 | D:2      | Reached skill level 5 in Maces & Flails
  1395 | D:2      | Noticed Natasha
  1402 | D:2      | Killed Natasha
  1402 | D:2      | Reached XP level 4. HP: 16/39 MP: 3/3
  1597 | D:2      | Noticed Natasha
  1603 | D:2      | Killed Natasha
  1612 | D:2      | Noticed Natasha
  1620 | D:2      | Killed Natasha
  1620 | D:2      | Reached XP level 5. HP: 28/45 MP: 4/4
  1818 | D:3      | Noticed Jessica
  1823 | D:3      | Killed Jessica
  2279 | D:4      | Reached skill level 4 in Armour
  2604 | D:4      | Found a staircase to the Ecumenical Temple.
  2632 | Temple   | Entered the Ecumenical Temple
  2690 | Temple   | Became a worshipper of Warmaster Okawaru
  2814 | D:4      | You fall through a shaft for 2 floors!
  2814 | D:6      | Noticed Sigmund
  2831 | D:6      | Gained mutation: Your muscles are strong. (Str +2) [potion of mutation]
  2831 | D:6      | Gained mutation: Your mind is acute. (Int +2) [potion of mutation]
  2835 | D:6      | Killed Sigmund
  2835 | D:6      | Reached skill level 5 in Armour
  2835 | D:6      | Reached XP level 6. HP: 11/51 MP: 5/5
  3114 | D:5      | Entered Level 5 of the Dungeon
  3132 | D:5      | Reached skill level 6 in Armour
  3132 | D:5      | Reached XP level 7. HP: 34/57 MP: 6/6
  3183 | D:5      | Reached * piety under Okawaru
  3235 | D:5      | Reached skill level 7 in Armour
  3279 | D:5      | Found a sand-covered staircase.
  3286 | Ossuary  | Entered an ossuary
  3499 | Ossuary  | Reached skill level 8 in Armour
  3593 | D:4      | Reached XP level 8. HP: 47/64 MP: 7/7
  4104 | D:5      | Found a sacrificial altar of Ru.
  4107 | D:5      | Reached skill level 9 in Armour
  4355 | D:6      | Reached ** piety under Okawaru
  4575 | D:6      | Reached skill level 10 in Armour
  4749 | D:6      | Noticed Eustachio
  4759 | D:6      | Killed Eustachio
  4838 | D:7      | Noticed Vesto's ghost (novice GrFi)
  4853 | D:7      | Reached XP level 9. HP: 24/70 MP: 4/8
  4861 | D:7      | HP: 2/70 [centaur/arrow (7)]
  4864 | D:7      | Shot with an arrow by a centaur

Skill      XL: |  1  2  3  4  5  6  7  8 |
---------------+-------------------------+-----
Maces & Flails | 3 4 5 6 7 8 9 |  9.9
Armour         | 5 6 8 10 | 10.7
Fighting       | |  3.6
Shields        | |  3.6

Action                   |  1- 3 |  4- 6 |  7- 9 || total
-------------------------+-------+-------+-------++-------
Melee: Flail             |   113 |    63 |   124 ||   300
       Headbutt          |     9 |    13 |    56 ||    78
       Mace              |       |       |   101 ||   101
Invok: Heroism           |       |       |     2 ||     2
  Use: Scroll            |       |     6 |     3 ||     9
       Potion            |       |     5 |    10 ||    15
  Eat: Chunk             |     1 |     1 |     7 ||     9
       Ration            |       |     1 |       ||     1
Armor: Scale mail        |    66 |    20 |    40 ||   126
       Ring mail         |       |       |    30 ||    30
Dodge: Dodged            |    36 |    10 |    70 ||   116
Block: Shield            |    71 |    16 |    88 ||   175
